 Dungeon Crawl Stone Soup version bcrawl-1.41.1 (webtiles) character file.

Game seed: 7300200858326138555

295123 Grimmash the Ducker (level 9, -4/92 HPs)
             Began as an Ent Archaeologist on Apr 20, 2024.
             Was a Priest of Cheibriados.
             Slain by a wyvern (11 damage)
             ... on level 6 of the Dungeon.
             The game lasted 00:10:26 (6215 turns).

Grimmash the Ducker (Ent Archaeologist)             Turns: 6215, Time: 00:10:26

Health: -4/92      AC: 19    Str: 26    XL:     9   Next: 45%
Magic:  25/25      EV: 14    Int: 28    God:    Cheibriados [***...]
Gold:   398        SH:  0    Dex: 14    Spells: 17/17 levels left

rFire    . . .     GDR:     34% a - +0 quarterstaff
rCold    . . .     SeeInvis .   (no shield)
rNeg     + + +     Gourm    .   (armour unavailable)
rPois    +         Faith    +   f - +3 hat of Pondering {ponderous, MR+ MP+10 Int+5}
rElec    .         Spirit   .   (no cloak)
rCorr    .         Reflect  .   (gloves unavailable)
MR       ++...     Clarity  +   (boots unavailable)
Stlth    +++.......             y - amulet of faith
HPRegen  0.25/turn              A - ring of protection from magic
MPRegen  0.19/turn              (no ring)

@: very slow
A: large, slow actions, passwall, strong branches, negative energy resistance 3,
poison resistance, slow metabolism 1, torment resistance, unbreathing, AC +16
a: Passwall, Bend Time, Defer, Temporal Distortion, Renounce Religion


You were on level 6 of the Dungeon.
You worshipped Cheibriados.
Cheibriados was most pleased with you.
You were hungry.

You visited 2 branches of the dungeon, and saw 7 of its levels.
You also visited: Sewer.

You collected 398 gold pieces.

Inventory:

Hand Weapons
 a - a +0 quarterstaff (weapon)
 b - a +0 blowgun
 s - a +0 whip
Missiles
 d - 4 curare-tipped needles
 o - 944 stones (quivered)
 D - 2 throwing nets {=f}
Armour
 f - the +3 hat of Pondering (worn) {ponderous, MR+ MP+10 Int+5}
   (You acquired it on level 3 of the Dungeon)

   It affects your intelligence (+5).
   It affects your resistance to hostile enchantments.
   It affects your magic capacity (+10).
Jewellery
 y - an amulet of faith (around neck)
 A - a ring of protection from magic (left hand)
Scrolls
 c - a scroll of enchant armour {unknown}
 g - 3 scrolls of revelation
 h - a scroll of amnesia {unknown}
 i - 5 scrolls of identify
 j - a scroll of remove curse
 m - 3 scrolls of teleportation
 p - 3 scrolls of blinking {unknown}
 r - 4 scrolls of fog {unknown}
 v - a scroll of fear {unknown}
 C - a scroll of immolation {unknown}
Potions
 k - 3 potions of curing {unknown}
 l - a potion of flight
 n - 2 potions of resistance {unknown}
 t - 2 potions of haste {unknown}
 u - a potion of might {unknown}
 w - 2 potions of magic {unknown}
 x - a potion of lignification {unknown}
 z - a potion of brilliance
 B - a potion of degeneration {unknown}
 F - a potion of cancellation {unknown}
Comestibles
 e - 15 rations {!d}
 E - 4 chunks of flesh


   Skills:
 * Level 4.3 Fighting
 * Level 7.1(8.0) Maces & Flails
 + Level 4.4(5.9) Staves
 + Level 1.3 Throwing
 * Level 7.6 Dodging
 + Level 4.4 Stealth
 * Level 4.5 Spellcasting
 * Level 3.4 Invocations


You had 17 spell levels left.
You didn't know any spells.
Your spell library was empty.

Dungeon Overview and Level Annotations

Branches:
Dungeon (6/12)             Temple (1/1) D:4

Altars:
Ashenzari
Cheibriados
Gozag
Lugonu
Makhleb
Qazlal
Ru
Sif Muna
Uskayaw
Vehumet
Wu Jian
Yredelemnul


Innate Abilities, Weirdness & Mutations

You move and act slowly.
You can pass through walls and trees.
Your branches can wield two-handed weapons with a shield.
Your thick bark is tough. (AC +16)
You are too large for most types of armour.
You are immune to negative energy. (rN+++)
Your system is resistant to poisons. (rPois)
You have a slow metabolism.
You are immune to unholy pain and torment.
You can survive without breathing.


Message History

Things that are here:
a +0 dagger; a +0 robe
Items here: )))) ††††
Things that are here:
a +0 dagger; a +0 robe The wyvern closely misses you.
The wyvern barely misses you. The wyvern bites you.
* * * LOW HITPOINT WARNING * * *
The wyvern bites you!
* * * LOW HITPOINT WARNING * * *
The wyvern bites you.
* * * LOW HITPOINT WARNING * * *
The wyvern bites you but does no damage.
The leopard gecko hisses angrily.
You sock the wyvern!
The wyvern is heavily wounded.
The wyvern bites you.
* * * LOW HITPOINT WARNING * * *
The wyvern bites you!
You die...

########.#.########
.........#.#
......####.# ###
#####.# #.# ##.##
#.# #.####...## #.#
#)........# #.#
######...## #.#
##.## #.# #@# #.#
#l# #.# #.# ##
##.## #)# .###...#
######l# .......#
#....÷)# ..##...#
#l###..#
#.#######.....####
..# #....≈....#


You could see a wyvern and a leopard gecko.

Vanquished Creatures
  An eye of draining (D:6)
  2 hippogriffs (D:6)
  A meliai zombie (D:6)
  A necrophage (D:5)
  A sky beast (D:4)
  A phantom (D:5)
  5 ogres
  3 bullfrogs
  A centaur (D:6)
  4 scorpions
  A howler monkey (Temple)
  9 crimson imps
  A hound (D:3)
  A jelly (D:4)
  An iguana (D:4)
  2 worker ants
  An orc wizard (D:6)
  A howler monkey skeleton (D:4)
  A howler monkey zombie (D:6)
  6 gnolls
  12 adders
  3 river rats (Sewer)
  A shadow imp (D:5)
  2 oozes (D:3)
  2 worms
  A dart slug (D:2)
  5 leopard geckos
  11 orcs
  6 bats
  2 giant cockroaches
  5 goblins
  10 hobgoblins
  5 jackals
  5 quokkas
  14 ball pythons
  13 frilled lizards
  10 kobolds
  A quokka skeleton (D:4)
  31 rats
183 creatures vanquished.

Vanquished Creatures (others)
  3 toadstools (D:1)
3 creatures vanquished.

Grand Total: 186 creatures vanquished

Notes
Turn   | Place    | Note
-------+----------+-------------------------------------------
     0 | D:1      | Grimmash the Ent Archaeologist began the quest for the Orb.
     0 | D:1      | Reached XP level 1. HP: 21/21 MP: 1/1
   222 | D:1      | Reached XP level 2. HP: 27/29 MP: 2/2
   808 | D:2      | Reached XP level 3. HP: 15/36 MP: 2/4
  1012 | D:2      | Found a sacrificial altar of Ru.
  1013 | D:2      | Found a radiant altar of Vehumet.
  1013 | D:2      | Found a shattered altar of Ashenzari.
  1014 | D:2      | Found a basalt altar of Yredelemnul.
  1406 | D:2      | Noticed a scorpion
  1438 | D:2      | Killed a scorpion
  1439 | D:2      | Reached skill level 1 in Spellcasting
  1439 | D:2      | Reached XP level 4. HP: 11/46 MP: 5/5
  2216 | D:3      | Noticed a bullfrog
  2236 | D:3      | Killed a bullfrog
  2237 | D:3      | Reached XP level 5. HP: 26/53 MP: 7/7
  2237 | D:3      | Identified a scroll of acquirement
  2240 | D:3      | Identified the +2 executioner's axe of the Red Skies
                  | {venom, Fragile Int+2 Dex+5} (You acquired it on level 3 of
                  | the Dungeon)
  2240 | D:3      | Identified the amulet "Uguat" {Faith MR++} (You acquired it
                  | on level 3 of the Dungeon)
  2241 | D:3      | Found the +3 hat of Pondering {ponderous, MR+ MP+10 Int+5}
  2616 | D:3      | Found a stormy altar of Qazlal.
  2680 | D:3      | Reached XP level 6. HP: 31/61 MP: 9/9
  2775 | D:3      | Found a faded altar of an unknown god.
  3332 | D:4      | Noticed a sky beast
  3346 | D:4      | Found a glowing drain.
  3350 | Sewer    | Entered a sewer
  3936 | Sewer    | Reached skill level 5 in Maces & Flails
  3936 | Sewer    | Reached XP level 7. HP: 54/71 MP: 10/10
  3948 | Sewer    | Reached skill level 5 in Dodging
  4193 | D:4      | Found a staircase to the Ecumenical Temple.
  4202 | Temple   | Entered the Ecumenical Temple
  4253 | Temple   | Became a worshipper of Cheibriados the Contemplative
  4278 | D:4      | Reached skill level 1 in Staves
  4440 | D:4      | Reached skill level 1 in Invocations
  4520 | D:4      | Reached XP level 8. HP: 41/81 MP: 12/12
  4684 | D:4      | Reached * piety under Cheibriados
  4843 | D:4      | Found a burning altar of Makhleb.
  4843 | D:4      | Noticed a green death
  5157 | D:5      | Entered Level 5 of the Dungeon
  5379 | D:5      | Reached ** piety under Cheibriados
  5668 | D:6      | Noticed a hippogriff
  5689 | D:6      | Killed a hippogriff
  5703 | D:6      | Reached skill level 1 in Throwing
  5832 | D:6      | Noticed an eye of draining
  5852 | D:6      | Killed an eye of draining
  5853 | D:6      | Reached XP level 9. HP: 91/91 MP: 2/15
  6208 | D:6      | Reached *** piety under Cheibriados
  6215 | D:6      | Slain by a wyvern

Skill      XL: |  1  2  3  4  5  6  7  8  9 |
---------------+----------------------------+-----
Dodging        | 3 4 5 7 |  7.6
Stealth        | 4 |  4.4
Maces & Flails | 2 3 5 6 7 |  7.1
Spellcasting   | 1 2 3 4 |  4.5
Fighting       | 2 3 4 |  4.3
Staves         | 2 3 4 |  4.4
Invocations    | 1 3 |  3.4
Throwing       | 1 |  1.3

Action                   |  1- 3 |  4- 6 |  7- 9 || total
-------------------------+-------+-------+-------++-------
Melee: Whip              |   156 |   292 |       ||   448
       Quarterstaff      |       |    63 |   431 ||   494
 Fire: Blowgun           |     1 |     1 |       ||     2
Throw: Stone             |       |    17 |    18 ||    35
  Use: Potion            |     3 |       |     4 ||     7
       Scroll            |       |     5 |     3 ||     8
 Stab: Sleeping          |     4 |     4 |     2 ||    10
       Distracted        |       |       |     1 ||     1
  Eat: Chunk             |     5 |    15 |    15 ||    35
       Ration            |       |     1 |     1 ||     2
Armor: Skin              |   102 |   492 |   428 ||  1022
Dodge: Dodged            |   123 |   451 |   537 ||  1111
